 Dungeon Crawl Stone Soup version 0.22-a0-571-g4a923d4 (webtiles) character file.

20 iamserjio the Covered (level 2, -4/19 HPs)
             Began as a Gargoyle Fighter on July 1, 2018.
             Slain by a scorpion (5 damage)
             ... on level 3 of the Dungeon.
             The game lasted 00:00:54 (150 turns).

iamserjio the Covered (Gargoyle Fighter)             Turns: 150, Time: 00:00:55

Health: -4/19      AC:  9    Str: 23 (24) XL:     2   Next: 79%
Magic:  2/2        EV:  7    Int:  6 (8)  God:
Gold:   0          SH:  9    Dex:  7 (9)  Spells: 1/1 levels left

rFire    . . .     SeeInvis .   a - +0 war axe
rCold    . . .     Gourm    .   c - +0 shield
rNeg     + . .     Faith    .   b - +0 scale mail
rPois    ∞         Spirit   .   (no helmet)
rElec    +         Reflect  .   (no cloak)
rCorr    .         Harm     .   (no gloves)
MR       .....                  (no boots)
Stlth    ..........             (no amulet)
HPRegen  0.06/turn              (no ring)
MPRegen  0.08/turn              (no ring)

@: mighty
A: negative energy resistance 1, electricity resistance, unbreathing,
petrification resistance, rot immunity, AC +2
a: no special abilities


You were on level 3 of the Dungeon.
You were not hungry.

You visited 1 branch of the dungeon, and saw 3 of its levels.

Inventory:

Hand Weapons
 a - a +0 war axe (weapon)
Armour
 b - a +0 scale mail (worn)
 c - a +0 shield (worn)
Comestibles
 f - a ration


   Skills:
 + Level 3.5 Fighting
 * Level 2.3 Axes
 + Level 3.5 Armour
 + Level 3.5 Shields


You had one spell level left.
You didn't know any spells.
Your spell library was empty.

Dungeon Overview and Level Annotations

Branches:
Dungeon (3/15)

Altars:


Innate Abilities, Weirdness & Mutations

You are resistant to torment.
Your stone body is resilient. (AC +2)
You are immune to poison.
You resist negative energy. (rN+)
You are resistant to electric shocks. (rElec)
You can survive without breathing.
You are immune to petrification.
You are immune to rotting.


Message History

The scorpion is moderately wounded.
The scorpion stings you.
You closely miss the scorpion.
The scorpion is moderately wounded.
You block the scorpion's attack. The scorpion stings you.
* * * LOW HITPOINT WARNING * * *
Your scale mail prevents you from hitting the scorpion.
The scorpion is moderately wounded.
You block the scorpion's attack.
You barely miss the scorpion.
The scorpion is moderately wounded.
You block the scorpion's attack. The scorpion stings you.
* * * LOW HITPOINT WARNING * * *
It was a potion of degeneration.
There was something very wrong with that liquid.
You feel weakened.
You feel dopey.
You feel clumsy. You block the scorpion's attack.
You feel very mighty all of a sudden. The scorpion stings you.
You die...

.... ...##
.... ...##
.... ..#
#########..#
.......<@..#
#########s##
.# .# ##


You could see a scorpion.

Vanquished Creatures
  An adder (D:2)
  A leopard gecko (D:1)
  A giant cockroach (D:2)
  2 goblins (D:1)
  2 hobgoblins (D:2)
  A bat (D:2)
  A kobold (D:2)
  2 rats
11 creatures vanquished.

Notes
Turn   | Place    | Note
-------+----------+-------------------------------------------
     0 | D:1      | iamserjio the Gargoyle Fighter began the quest for the Orb.
     0 | D:1      | Reached XP level 1. HP: 14/14 MP: 1/1
    87 | D:2      | Reached XP level 2. HP: 16/19 MP: 2/2
   140 | D:3      | Noticed a scorpion
   150 | D:3      | Slain by a scorpion

Vault maps used:
D:1:      dpeg_arrival_round_a, hex_tiny
D:2:      uniq_sigmund
D:3:      lemuel_zombie_altar_yredelemnul, minmay_overflow_temple_star_hex,
          lemuel_coloured_pillars_altar, nicolae_qazlal_style_of_elements,
          uniq_jessica

Skill      XL: |  1 |
---------------+----+-----
Axes           | 2 |  2.3
Fighting       | |  3.5
Armour         | |  3.5
Shields        | |  3.5

Action                   || total
-------------------------++-------
Melee: War axe           ||    38
  Use: Potion            ||     2
Armor: Scale mail        ||    21
Dodge: Dodged            ||    11
Block: Shield            ||    26

Table legend:
 A = Spawn XP
 B = Non-spawn XP
 C = Spawn XP percentage of total XP
 D = Spawn monster count
 E = Non-spawn monster count
 F = Spawn count percentage of total count
 G = Total turns spent on level
                    A         B        C        D         E        F      G
               +---------+---------+-------+---------+---------+-------+---------
         Total |       0 |      29 |   0.0 |       0 |      11 |   0.0 |   150
               +---------+---------+-------+---------+---------+-------+---------
           D:1 |       0 |       7 |   0.0 |       0 |       4 |   0.0 |    65
           D:2 |       0 |      22 |   0.0 |       0 |       7 |   0.0 |    75
               +---------+---------+-------+---------+---------+-------+---------
